 Dungeon Crawl Stone Soup version 0.11.3 (webtiles) character file.

2027192 CodaKJazz the Eclecticist (level 27, 145/200 (214) HPs)
             Began as a Sludge Elf Stalker on June 18, 2023.
             Was the Champion of Nemelex Xobeh.
             Escaped with the Orb
             ... and 5 runes on June 24, 2023!
             The game lasted 15:11:12 (144986 turns).

CodaKJazz the Eclecticist (Sludge Elf Stalker)    Turns: 144986, Time: 15:11:12

HP 145/200 (214) AC 36     Str 19      XL: 27
MP  28/47        EV 40     Int 14      God: Nemelex Xobeh [******]
Gold 93          SH 31     Dex 25      Spells: 21 memorised,  6 levels left

Res.Fire  : + + .   See Invis. : +   a - +7,+6 elf scimitar (freeze)
Res.Cold  : + + .   Warding    : .   e - +5 scale mail "Nyofycw" {rF+ Acc+2}
Life Prot.: + . .   Conserve   : .   F - +0 shield {rflct}
Res.Poison: +       Res.Corr.  : +   l - +4 helmet of Ynee {Dex+3 Int-1}
Res.Elec. : +       Clarity    : .   z - +0 cloak of Starlight {rElec rC+ EV+4 Stlt
Sust.Abil.: . .     Spirit.Shd : .   t - +2 pair of elf gloves {Str+3}
Res.Mut.  : .       Stasis     : .   G - +2 pair of boots of the Assassin {+Inv Dex Res.Rott. : . Ctrl.Telep.: x p - amulet of resist corrosion Saprovore : . . . Levitation : . J - ring of life protection Ctrl.Flight: . W - ring of Vitality {Regen HP+15}

@: repel missiles, regenerating (expiring), stone skin, phasing (expiring), very
slightly contaminated, shrouded, quick, very resistant to hostile enchantments,
very unstealthy
A: blurry vision 1, herbivore 1, fast metabolism 1, screaming 3, AC +4, Int -2,
Dex -1
a: Draw One, Peek at Two, Triple Draw, Deal Four, Stack Five, Renounce Religion,
Evoke Invisibility
}: 5/15 runes: serpentine, barnacled, slimy, silver, abyssal


You escaped.
You worshipped Nemelex Xobeh.
Nemelex Xobeh was exalted by your worship.
You were full.

You visited 13 branches of the dungeon, and saw 76 of its levels.
You visited the Abyss 1 time.
You visited 3 bazaars.
You also visited: Labyrinth, Trove, Sewer, Ossuary and Bailey.

You collected 8687 gold pieces.
You spent 8362 gold pieces at shops.

Inventory:

Hand weapons
 a - a +7,+6 elven scimitar of freezing (weapon)
 b - a +6,+6 scimitar of flaming
 w - a +6 elven blowgun
Missiles
 A - 10 curare-tipped needles
 B - 3 throwing nets (quivered)
Armour
 e - the +5 scale mail "Nyofycw" (worn) {rF+ Acc+2}
   (You found it in a treasure trove)

   It affects your accuracy (+2).
   It protects you from fire.
 g - the +6 shield of the gong {Spirit, rElec rN+ MR}
   (You bought it in a shop on level 7 of the Vaults)

   It insulates you from electricity.
   It protects you from negative energy.
   It increases your resistance to enchantments.
 l - the +4 helmet of Ynee (worn) {Dex+3 Int-1}
   (You found it in a treasure trove)

   It affects your intelligence (-1).
   It affects your dexterity (+3).
 t - a +2 pair of elven gloves of strength (worn)
 z - the +0 cloak of Starlight (worn) {rElec rC+ EV+4 Stlth--}
   (You found it in a treasure trove)

   It affects your evasion (+4).
   It protects you from cold.
   It insulates you from electricity.
   It makes you much less stealthy.
 F - a +0 shield of reflection (worn)
 G - the +2 pair of boots of the Assassin (worn) {+Inv Dex+3 Stlth++}
   (You found it in a treasure trove)

   It affects your dexterity (+3).
   It lets you turn invisible.
   It makes you much more stealthy.
Magical devices
 i - a wand of lightning (0)
 k - a wand of invisibility (2)
 Q - a wand of hasting (0)
Comestibles
 E - 3 bread rations
Scrolls
 n - a scroll of noise
 r - a scroll of identify
 s - a scroll of fear
 Z - 2 scrolls of teleportation
Jewellery
 c - an uncursed ring of protection from cold
 d - an uncursed ring of protection from fire
 h - an uncursed ring of sustenance
 m - an uncursed amulet of stasis {no tele bro!!1!}
 p - an amulet of resist corrosion (around neck)
 q - the ring of Midwinter {EV+1 Dam+4}
   (You took it off a vault guard on level 8 of the Vaults)

   [ring of evasion]

   It affects your evasion (+1).
   It affects your damage-dealing abilities (+4).
 J - a ring of life protection (right hand)
 V - an uncursed amulet of conservation
 W - the ring of Vitality (left hand) {Regen HP+15}
   (You took it off a deep elf demonologist on level 3 of the Elven Halls)

   [ring of regeneration]

   It affects your health (+15).
 X - an uncursed ring of poison resistance
Potions
 C - 3 potions of curing
 K - 6 potions of restore abilities
 Y - 2 potions of resistance
Orbs of Power
 j - the Orb of Zot
Miscellaneous
 f - a legendary deck of escape {the Banshee, left: 5} {god gift}
 u - an ornate deck of summonings {drawn: 1} {god gift}
 v - a legendary deck of destruction {Frost, left: 3} {god gift}
 y - an ornate deck of destruction {drawn: 4} {god gift}
 H - a legendary deck of destruction {Flame, left: 5} {god gift}
 I - an ornate deck of war {Solitude, left: 2}
 L - an ornate deck of escape {Solitude, left: 4} {god gift}
 M - a legendary deck of escape {Swap, left: 2} {god gift}
 O - an ornate deck of wonders {the Alchemist, left: 5} {god gift}
 R - a legendary deck of escape {Solitude, left: 4} {god gift}
 T - an ornate deck of summonings {drawn: 1} {god gift}
 U - a legendary deck of destruction {the Hammer, left: 3} {god gift}


   Skills:
 - Level 19.0 Fighting
   Level 8.0 Short Blades
 - Level 17.5 Long Blades
 - Level 8.2 Throwing
 - Level 9.6 Armour
 - Level 18.9 Dodging
 - Level 6.7 Stealth
 - Level 5.0 Stabbing
 + Level 16.0 Shields
 - Level 10.4 Traps & Doors
 - Level 19.8 Spellcasting
 - Level 10.8 Conjurations
 - Level 4.2 Hexes
 - Level 10.5 Charms
 - Level 4.6 Necromancy
 - Level 12.3 Translocations
 - Level 8.7 Transmutations
 - Level 12.1 Fire Magic
 - Level 13.4 Earth Magic
 - Level 3.8 Poison Magic
 - Level 17.9 Evocations


You had 6 spell levels left.
You knew the following spells:

 Your Spells              Type           Power        Failure   Level  Hunger
a - Stoneskin             Trmt/Erth      ######....   1%          2    None
b - Phase Shift           Tloc           ######....   2%          5    ###....
c - Bolt of Magma         Conj/Fire/Erth ######....   2%          5    ###....
d - Conjure Flame         Conj/Fire      ######...    1%          3    None
e - Shroud of Golubria    Chrm/Tloc      ######....   1%          2    None
f - Leda's Liquefaction   Trmt/Erth      ######....   1%          4    None
g - Passage of Golubria   Tloc           N/A          1%          4    None
h - Fulsome Distillation  Trmt/Necr      N/A          1%          1    None
i - Confuse               Hex            #####....    10%         3    None
k - Blink                 Tloc           N/A          1%          2    None
p - Petrify               Trmt/Erth      ######...    1%          4    None
r - Regeneration          Chrm/Necr      ######....   1%          3    None
z - Corona                Hex            #####...     2%          1    None
A - Apportation           Tloc           ######....   1%          1    None
C - Cure Poison           Pois           ####......   6%          2    None
D - Dig                   Trmt/Erth      ######...    1%          4    None
F - Swiftness             Chrm/Air       #####.....   2%          2    None
P - Passwall              Trmt/Erth      ######....   1%          3    None
R - Repel Missiles        Chrm/Air       #####.....   2%          2    None
S - See Invisible         Chrm           ######....   1%          4    None
Z - Freezing Aura         Chrm/Ice       #####.....   2%          2    None


Dungeon Overview and Level Annotations

Branches:
Dungeon (27/27)            Temple (1/1) D:7             Orc (4/4) D:11
    Elf (3/3) Orc:4          Lair (8/8) D:10         Shoals (5/5) Lair:6
  Snake (5/5) Lair:3        Slime (6/6) Lair:6       Vaults (8/8) D:19
  Blade (1/1) Vaults:6      Crypt (2/5) Vaults:2        Zot (5/5) D:27
   Tomb: Crypt:2-3      Dis: Hell:1         Geh: Hell:1         Coc: Hell:1
    Tar: Hell:1

Altars:
Ashenzari
Cheibriados
Elyvilon
Fedhas
Kikubaaqudgha
Makhleb
Nemelex Xobeh
Okawaru
Sif Muna
Trog
Xom
Yredelemnul
Zin
the Shining One
Beogh
Jiyva

Shops:
D:11: ! D:13: * D:19: ( D:21: +/* Orc:4: /+! Snake:1: = Snake:3: [ Snake:4: ( Vaults:1: = Vaults:7: [

Portals:
Hell: D:21 D:22 D:23 D:24 D:25 D:26
Abyss: D:22 D:25 D:26 D:27
Pandemonium: D:21 D:24 D:25
Ziggurat: D:6 (4660 gp)

Annotations
D:18 exclusion: downstairs
D:20 exclusions: downstairs and upstairs
D:22 Boris
D:23 exclusions: downstairs and 2 upstairs
D:25 exclusions: shining eye and 1 more exclusion
D:26 exclusions: downstairs and upstairs
D:27 Lightli's ghost, legendary DrSt
Orc:2 exclusion: 2 downstairs
Shoals:4 Rupert
Shoals:5 exclusion: upstairs, Ilsuiw
Slime:3 exclusion: upstairs
Slime:5 exclusion: upstairs
Crypt:1 exclusion: 2 curse skulls
Crypt:2 Khufu
Hell Geryon
Zot:3 exclusion: downstairs
Zot:4 exclusion: 2 downstairs


Innate Abilities, Weirdness & Mutations

You are partially covered in iridescent scales (AC +4).
Your vision is a little blurry.
You are dopey (Int -2).
You digest meat inefficiently.
You have a fast metabolism.
You frequently scream uncontrollably.
Your muscles are strong, but stiff (Str +1, Dex -1).
You are weak (Str -1).


Message History

You block the red devil's attack.
You momentarily phase out as the sun demon's attack passes through you.
The red devil completely misses you.
Drink which item? (? for menu, Esc to quit)
You feel protected.
You feel closer to the material plane. The red devil completely misses you.
You block the sun demon's attack. The red devil completely misses you.
The balrug gestures at you. Something smites you!
You block the red devil's attack. The red devil completely misses you.
You block the sun demon's attack. The sun demon misses you.
You momentarily phase out as the red devil's attack passes through you.
You block the red devil's attack. The sun demon completely misses you.
The red devil completely misses you. Are you sure you want to win?
Your skin is crawling a little less now.
You begin to squint at shadows.
You block the red devil's attack. The sun demon completely misses you.
The red devil completely misses you.
You have escaped!

.# .# #####
.# #...# .#
#...# .#
#...# .#
#...# .#
###.# .# #.#
#### # .# #.#
##@.## # .#
#.###♣34P# #
.# #...'424P#
# .#
#.###♣.≈P# #
.# #.# ##<.##
# .#
#.#####.#####
# .#
#.##........#
# .#
#.##.4......#
# .#
#.##...>....#
#


You could see a balrug, a sun demon and 3 red devils.

Vanquished Creatures
  the royal jelly (Slime:6)
  An orb of fire (Zot:5)
  2 ancient liches
  Saint Roka (D:22)
  Norris (Vaults:2)
  A Killer Klown (Zot:5)
  7 golden dragons
  An illusory Mara (Vaults:1)
  Xtahua (Vaults:5)
  Frederick (D:22)
  6 electric golems
  Nikola (Vaults:1)
  16 tentacled monstrosities
  A quicksilver dragon (D:27)
  21 Orb Guardians (Zot:5)
  2 titans (Vaults:8)
  2 deep elf blademasters (Elf:3)
  2 liches
  4 shadow dragons
  15 acid blobs
  16 storm dragons
  4 sphinxes
  Agnes (D:19)
  Frances (Vaults:3)
  A Shadow Fiend (D:7)
  A frost giant (shapeshifter) (Vaults:1)
  4 draconian monks
  4 frost giants
  8 fire giants
  2 draconian scorchers
  8 azure jellies
  6 draconian zealots
  4 bone dragons
  2 ghost moths
  A ghost moth (shapeshifter) (Vaults:1)
  8 draconian shifters
  4 draconian knights
  48 stone giants
  6 draconian annihilators
  7 draconian callers
  9 grey draconians
  4 green draconians
  5 deep elf death magi
  10 yellow draconians
  5 pale draconians
  2 greater nagas (Snake:5)
  10 purple draconians
  4 black draconians
  14 red draconians
  7 white draconians
  2 mottled draconians
  10 ettins
  6 deep elf annihilators (Elf:3)
  2 deep elf master archers (Elf:3)
  7 deep elf sorcerers (Elf:3)
  A great orb of eyes (shapeshifter) (D:14)
  23 vault guards (Vaults:8)
  14 dragons
  60 yaktaur captains
  A storm dragon zombie (D:20)
  4 sirens
  A dragon (shapeshifter) (Vaults:8)
  5 death oozes
  12 great orbs of eyes
  A merfolk aquamancer (Shoals:5)
  Fannar (Orc:4)
  A storm dragon skeleton (Vaults:4)
  An ice dragon (shapeshifter) (D:25)
  Harold (Lair:5)
  2 anaconda zombies
  A death cob (Zot:3)
  7 merfolk javelineers (Shoals:5)
  7 ice dragons
  Erica (D:13)
  2 dancing weapons (D:19)
  15 ogre magi
  21 ravenous item mimics (D:19)
  4 deep elf demonologists
  10 hydras
  Polyphemus (Shoals:1)
  6 anacondas
  3 merfolk impalers (Shoals:5)
  A fire giant zombie (Vaults:6)
  13 deep trolls
  2 deep elf high priests (Elf:3)
  A death yak (shapeshifter) (Vaults:1)
  A lorocyproca (D:21)
  A wolf spider zombie (D:16)
  2 very ugly things (D:23)
  An orc high priest (Vaults:5)
  2 frost giant zombies
  An alligator (shapeshifter) (Vaults:8)
  A sphinx skeleton (D:20)
  4 draconian zombies
  Nergalle (D:17)
  21 centaur warriors
  2 frost giant skeletons
  A fire giant skeleton (D:22)
  4 iron trolls
  10 stone giant skeletons
  An elf (shapeshifter) (D:23)
  3 giant orange brains
  A soul eater (Vaults:4)
  3 vapours
  16 skeletal warriors
  2 sun demons
  14 deep elf knights
  12 sea snakes
  4 death drakes
  17 hell knights
  A shadow demon (Zot:5)
  3 swamp dragons (D:27)
  4 death yaks
  A white draconian zombie (Zot:4)
  16 naga warriors
  31 orc knights
  4 humans (shapeshifter)
  A centaur zombie (Vaults:5)
  A sea snake (shapeshifter) (Vaults:1)
  6 flayed ghosts
  Pikel (D:6)
  A grey draconian skeleton (Abyss)
  A giant amoeba (shapeshifter) (D:27)
  17 giant amoebae
  A hydra zombie (Vaults:1)
  A swamp dragon (shapeshifter) (Vaults:1)
  A lindwurm (shapeshifter) (Vaults:8)
  A flaming corpse (D:24)
  19 hill giants
  A human zombie (Vaults:8)
  Joseph (D:8)
  4 orc sorcerers
  A statue (Elf:1)
  7 griffons
  3 large abominations
  4 wolf spiders
  3 red wasps
  21 moths of wrath
  A guardian serpent zombie (Snake:1)
  A moth of wrath (shapeshifter) (Vaults:1)
  A harpy skeleton (Vaults:5)
  A trapdoor spider zombie (D:13)
  2 necromancers
  2 ettin zombies
  12 cyclopes
  5 phantasmal warriors
  7 spiny worms
  A sixfirhy (Orc:3)
  A hell beast (D:21)
  An elephant (shapeshifter) (Vaults:2)
  6 orange demons
  4 eyes of devastation
  3 ettin skeletons
  2 fire crabs
  An ice dragon skeleton (Vaults:4)
  A spiny frog (shapeshifter) (D:21)
  3 elephants (Lair:8)
  4 unseen horrors
  16 guardian serpents
  A queen ant (shapeshifter) (Vaults:8)
  127 slime creatures
  4 hill giant zombies
  2 hellwings
  3 griffon skeletons
  13 spiny frogs
  4 item mimics (D:19)
  2 feature mimics
  7 rock trolls
  5 smoke demons
  A hill giant skeleton (D:17)
  6 naga magi
  An elephant slug (Lair:6)
  A spriggan (shapeshifter) (D:20)
  A deep troll zombie (Vaults:5)
  7 mermaids
  Sonja (Shoals:1)
  18 trolls
  16 harpies
  An agate snail zombie (D:12)
  2 rock troll zombies
  25 two-headed ogres
  A polar bear (Snake:5)
  A spriggan (D:7)
  12 komodo dragons
  3 iron devils
  21 black mambas
  A brown ooze (shapeshifter) (D:22)
  A queen bee (shapeshifter) (D:18)
  79 yaktaurs
  A rock troll skeleton (Vaults:6)
  2 deep troll skeletons
  130 ugly things
  7 brown oozes
  8 blink frogs
  2 blue devils
  4 wraiths
  4 vampires
  A blink frog skeleton (Vaults:4)
  A ynoxinul (Abyss)
  20 vampire mosquitoes
  2 redbacks (Vaults:6)
  4 deep elf conjurers
  2 hogs
  2 redbacks (shapeshifter) (Vaults:8)
  A hog skeleton (Crypt:1)
  A neqoxec (Abyss)
  A fire crab zombie (D:15)
  4 hungry ghosts
  5 sharks
  A clay golem (D:15)
  3 fire drakes
  A bumblebee (D:10)
  15 deep elf fighters
  9 deep elf summoners
  A trapdoor spider (D:17)
  8 yaktaur zombies
  8 hippogriffs
  A manticore (shapeshifter) (D:23)
  4 soldier ants
  5 red devils
  Menkaure (D:7)
  15 snapping turtles
  2 orange crystal statues
  3 cyclops zombies
  7 necrophages
  A giant slug zombie (D:16)
  A hell hound (D:17)
  3 yaktaur skeletons
  49 merfolk
  5 war dogs
  83 orc warriors
  A queen bee (Lair:6)
  15 freezing wraiths
  4 small abominations
  2 cyclops skeletons
  3 phantoms
  A boulder beetle zombie (D:16)
  Purgy (Sewer)
  3 rock troll simulacra
  An ice beast (shapeshifter) (D:26)
  Eustachio (D:8)
  A black bear (shapeshifter) (Vaults:4)
  7 boulder beetles
  4 deep elf priests
  A sky beast (D:9)
  A troll zombie (D:19)
  A rock worm zombie (D:22)
  7 wyverns
  2 yellow wasps
  A big kobold (shapeshifter) (Vaults:5)
  13 deep elf magi
  2 swamp drakes
  9 ice beasts
  74 ogres
  56 nagas
  18 manticores
  62 yaks
  4 rock worms
  4 boring beetles
  15 giant frogs
  2 rotting devils (Vaults:2)
  A yellow wasp zombie (D:6)
  Duvessa (D:11)
  A brain worm (Vaults:1)
  36 centaurs
  3 giant slugs (shapeshifter)
  A naga (shapeshifter) (Vaults:8)
  A slave (D:6)
  62 water moccasins
  2 gnoll sergeants
  A water moccasin zombie (Snake:1)
  3 insubstantial wisps
  3 basilisk skeletons
  3 elf zombies (Elf:2)
  11 mottled dragons
  32 wargs
  4 eyes of draining
  A mottled dragon zombie (D:17)
  9 agate snails
  A vampire bat (D:7)
  11 jellyfish
  3 pulsating lumps
  6 basilisks
  10 electric eels
  19 wights
  15 crimson imps
  3 big kobold zombies
  4 giant goldfish
  Dowan (Orc:1)
  5 big kobolds
  An iron imp (Elf:2)
  50 killer bees
  7 shadows
  2 big kobold skeletons
  A hound zombie (D:9)
  Crazy Yiuf (D:4)
  32 orc priests
  A hound skeleton (D:10)
  45 orc wizards
  A naga zombie (Snake:1)
  9 hounds
  A steam dragon (Lair:4)
  29 crocodiles
  24 deep elf soldiers
  4 quasits
  9 giant slugs
  6 scorpions
  5 porcupines
  11 worker ants
  16 iguanas
  A worm zombie (D:6)
  An orc skeleton (Vaults:8)
  Ijyb (D:4)
  Jessica (D:8)
  4 goliath beetles
  11 jellies
  11 orange rats
  24 sheep
  10 boggarts (Vaults:4)
  7 big fish (Lair:1)
  2 jellies (shapeshifter) (Vaults:8)
  10 mummies (Ossuary)
  13 flying skulls (Zot:1)
  2 lemures (Abyss)
  48 adders
  2 giant centipede zombies (D:6)
  11 giant mites
  An iguana skeleton (D:7)
  3 adder skeletons
  22 gnolls
  52 green rats
  20 white imps
  A worm (shapeshifter) (D:17)
  15 ufetubi
  7 worms
  15 grey rats
  2 spectral bats (D:7)
  A bat simulacrum (D:7)
  3 bat skeletons (D:7)
  A bat zombie (D:7)
  A giant eyeball (shapeshifter) (D:21)
  2 giant mite zombies
  4 giant eyeballs
  15 giant geckos
  2 gnoll skeletons
  4 gnoll zombies (Ossuary)
  10 oozes
  283 orcs
  An orc (shapeshifter) (D:20)
  3 fire bats (D:7)
  6 giant centipedes
  3 giant cockroaches
  22 goblins
  27 hobgoblins
  20 jackals
  54 kobolds
  18 quokkas
  A ball python (Snake:2)
  65 bats
  A giant gecko simulacrum (Vaults:4)
  12 giant newts
  2 giant spores
  A goblin skeleton (D:2)
  A goblin zombie (D:2)
  3 hobgoblin zombies (Ossuary)
  A jackal zombie (Crypt:1)
  2 kobold skeletons (D:4)
  A kobold zombie (Ossuary)
  4 orc zombies
  38 rats
  5 ballistomycetes (D:13)
  2 butterflies
  A crawling corpse (D:27)
  5 fungi
  4 plants
  66 toadstools
3510 creatures vanquished.

Vanquished Creatures (collateral kills)
  2 orbs of fire (Zot:5)
  A golden dragon (D:27)
  3 Orb Guardians (Zot:5)
  4 acid blobs
  2 shadow dragons
  Roxanne (D:19)
  5 azure jellies
  A stone giant (Vaults:8)
  A fire giant (Vaults:8)
  A greater naga (Snake:5)
  A minotaur (Lab)
  6 death oozes
  2 hydras
  A merfolk aquamancer (Shoals:5)
  Josephine (Snake:1)
  An alligator snapping turtle (Shoals:5)
  4 death yaks
  An ogre mage (D:17)
  A merfolk impaler (Shoals:5)
  2 vapours (Lair:8)
  3 hell knights (D:24)
  A centaur warrior (D:16)
  A deep elf knight (D:23)
  A hill giant (D:17)
  4 naga warriors
  3 orc knights
  A hill giant (shapeshifter) (Vaults:1)
  A harpy (Shoals:5)
  A death yak zombie (Lair:8)
  A shining eye (Slime:3)
  3 guardian serpents (Snake:5)
  A cyclops (D:17)
  2 yaktaurs (D:23)
  An elephant (Lair:8)
  Psyche (Orc:4)
  A rock troll (D:24)
  8 ugly things
  A hill giant skeleton (D:16)
  4 naga magi (Snake:5)
  2 two-headed ogres (D:18)
  A troll (D:16)
  A rock troll skeleton (D:16)
  5 brown oozes (D:19)
  A hippogriff (Shoals:5)
  A merfolk (Shoals:5)
  A hungry ghost (D:17)
  A war dog (D:25)
  4 bumblebees
  4 vampire mosquitoes
  A necrophage (Vaults:1)
  3 ice beasts (Orc:4)
  7 orc warriors
  2 yellow wasps (Snake:5)
  An ogre (D:18)
  A yak (D:10)
  3 centaurs (D:16)
  A brain worm (D:16)
  9 nagas
  A warg (D:8)
  An insubstantial wisp (D:18)
  A water moccasin (Snake:5)
  A giant frog skeleton (Lair:8)
  3 killer bees
  A pulsating lump (Orc:4)
  A dwarf zombie (Crypt:1)
  A deep elf soldier (D:23)
  2 mummies
  A jelly (D:19)
  A flying skull (Zot:1)
  An adder (Snake:5)
  A gnoll (Bailey)
  2 oozes (D:19)
  5 orcs
  3 plants
155 creatures vanquished.

Vanquished Creatures (others)
  Margery (D:24)
  A bone dragon (Zot:5)
  A ghost moth (Zot:4)
  2 draconian scorchers
  A stone giant (D:27)
  A grey draconian (Zot:4)
  A green draconian (D:27)
  A vault guard (Vaults:8)
  A deep elf demonologist (Elf:3)
  7 very ugly things
  3 vapours
  2 skeletal warriors
  A deep elf knight (Elf:1)
  An elephant (D:19)
  A guardian serpent (Snake:5)
  A hellion (Snake:5)
  2 griffons
  19 dancing weapons
  8 spiny frogs
  A black mamba (Snake:5)
  A hellwing (Lair:6)
  3 grizzly bears
  2 orange demons
  A yaktaur (D:27)
  3 komodo dragons
  7 ugly things
  4 polar bears
  A basilisk (D:19)
  17 bumblebees
  A deep elf conjurer (Elf:1)
  8 hogs
  A hippogriff (Snake:4)
  A vampire mosquito (Snake:5)
  A yak (Orc:3)
  A wood golem (Snake:1)
  A tengu (Shoals:5)
  A yaktaur zombie (D:23)
  2 fire drakes (Zot:1)
  2 small abominations
  2 slaves (D:6)
  6 soldier ants
  A manticore skeleton (Shoals:5)
  9 yellow wasps
  A centaur (Vaults:6)
  2 swamp drakes
  4 wolves
  A lava worm (D:27)
  A boring beetle (D:16)
  2 nagas
  A water moccasin (Snake:1)
  2 rotting devils
  15 insubstantial wisps
  A jellyfish (D:22)
  A crimson imp (D:19)
  A lava snake (D:27)
  A quasit (Vaults:1)
  An orc priest (D:13)
  2 hounds
  An iron imp (Shoals:1)
  A big fish (Elf:3)
  A worker ant (D:12)
  2 orc wizards
  A deep elf soldier (Elf:2)
  A naga skeleton (Snake:5)
  3 sheep
  3 adders (Snake:3)
  3 gnolls (D:6)
  A giant centipede (Lair:4)
  A white imp (Vaults:1)
  3 ufetubi
  An ooze (D:6)
  11 orcs
  A goblin (Orc:4)
  2 hobgoblins
  A human (D:2)
  A jackal (D:3)
  3 kobolds
  A giant newt (D:3)
  2 orc zombies (Orc:4)
  2 rats
  8 fungi
  9 plants
  4 tentacles (Shoals:5)
  16 tentacle segments (Shoals:5)
  240 toadstools
491 creatures vanquished.

Grand Total: 4156 creatures vanquished

Notes
Turn   | Place    | Note
--------------------------------------------------------------
     0 | D:1      | CodaKJazz, the Sludge Elf Stalker, began the quest for the Orb.
     0 | D:1      | Reached XP level 1. HP: 13/13 MP: 1/1
    36 | D:1      | Reached skill level 1 in Short Blades
   421 | D:1      | Reached XP level 2. HP: 18/18 MP: 3/3
   675 | D:1      | Learned a level 2 spell: Evaporate
  1117 | D:1      | Reached XP level 3. HP: 20/23 MP: 3/5
  1328 | D:2      | Reached skill level 3 in Transmutations
  1669 | D:2      | Found an ancient bone altar of Kikubaaqudgha.
  1881 | D:2      | Reached skill level 1 in Traps & Doors
  1881 | D:2      | Reached XP level 4. HP: 25/28 MP: 3/6
  2263 | D:3      | Found a burning altar of Makhleb.
  2641 | D:4      | Reached skill level 1 in Throwing
  2641 | D:4      | Reached XP level 5. HP: 34/34 MP: 6/9
  2679 | D:4      | Noticed Ijyb
  2740 | D:4      | Killed Ijyb
  2810 | D:4      | Found a glowing drain.
  2873 | Sewer    | Entered a sewer
  2994 | Sewer    | Noticed Purgy
  3008 | Sewer    | Killed Purgy
  3008 | Sewer    | Reached XP level 6. HP: 17/40 MP: 9/11
  3121 | D:4      | Found a sand-covered staircase.
  3135 | Ossuary  | Entered an ossuary
  3262 | Ossuary  | Reached skill level 4 in Throwing
  3731 | D:3      | Reached XP level 7. HP: 45/45 MP: 12/12
  3974 | D:3      | Found a glowing silver altar of Zin.
  4581 | D:5      | Entered Level 5 of the Dungeon
  4738 | D:5      | Found an iron altar of Okawaru.
  5075 | D:6      | Noticed a troll
  5181 | D:6      | Learned a level 3 spell: Passwall
  5387 | D:6      | Noticed Pikel
  5438 | D:6      | Reached skill level 1 in Earth Magic
  5523 | D:6      | Found a gateway to a ziggurat.
  5649 | D:7      | Found a staircase to the Ecumenical Temple.
  5741 | Temple   | Entered the Ecumenical Temple
  5745 | Temple   | Became a worshipper of Nemelex Xobeh
  5748 | Temple   | Received a gift from Nemelex Xobeh
  6471 | D:2      | Reached XP level 8. HP: 52/52 MP: 15/15
  6530 | D:2      | Acquired Nemelex Xobeh's first power
  7935 | D:6      | Reached skill level 1 in Evocations
  8076 | D:6      | Acquired Nemelex Xobeh's second power
  8242 | D:6      | Killed a troll
  8323 | D:6      | Received a gift from Nemelex Xobeh
  8331 | D:6      | Killed Pikel
  8331 | D:6      | Reached skill level 5 in Fighting
  8331 | D:6      | Reached XP level 9. HP: 43/57 MP: 11/20
  8426 | D:6      | Learned a level 4 spell: Dig
  8433 | D:6      | Learned a level 4 spell: Petrify
  9037 | D:3      | You fall through a shaft!
  9068 | D:6      | Reached skill level 5 in Short Blades
  9538 | D:6      | Your ally freed slave died
  9806 | D:6      | Your ally freed slave died
 10085 | D:4      | Noticed Crazy Yiuf
 10114 | D:4      | Killed Crazy Yiuf
 10133 | D:4      | Received a gift from Nemelex Xobeh
 10503 | D:8      | Noticed Joseph
 10575 | D:7      | Noticed Menkaure
 10578 | D:7      | Acquired Nemelex Xobeh's third power
 10583 | D:7      | Killed Menkaure
 10599 | D:7      | Reached skill level 5 in Transmutations
 10998 | D:7      | Noticed a spriggan baker
 11728 | D:9      | Acquired Nemelex Xobeh's fourth power
 11729 | D:9      | Received a gift from Nemelex Xobeh
 11736 | D:9      | Reached skill level 6 in Transmutations
 11736 | D:9      | Reached skill level 5 in Earth Magic
 11736 | D:9      | Reached XP level 10. HP: 57/63 MP: 18/22
 11879 | D:9      | Reached skill level 5 in Spellcasting
 12211 | D:10     | Entered Level 10 of the Dungeon
 12506 | D:9      | Reached skill level 7 in Transmutations
 12572 | D:9      | Got a faintly glowing cloak
 12576 | D:9      | Identified the +1 cloak "Pnuem" (You found it on level 9 of the Dungeon)
 13577 | D:10     | Found a staircase to the Lair.
 13637 | Lair:1   | Entered Level 1 of the Lair of Beasts
 14192 | D:10     | Received a gift from Nemelex Xobeh
 14230 | D:10     | Reached skill level 8 in Transmutations
 15013 | D:7      | Killed a spriggan baker
 16315 | D:8      | Paralysed by a giant eyeball for 3 turns
 16677 | D:8      | Noticed Jessica
 16680 | D:8      | Killed Jessica
 16685 | D:8      | Found a deep blue altar of Sif Muna.
 16725 | D:8      | Noticed an orc knight
 16753 | D:8      | Killed an orc knight
 16753 | D:8      | Reached XP level 11. HP: 69/69 MP: 18/27
 16761 | D:8      | Received a gift from Nemelex Xobeh
 16805 | D:8      | Noticed an orc knight
 16852 | D:8      | Killed an orc knight
 16852 | D:8      | Reached skill level 9 in Spellcasting
 16983 | D:8      | Acquired Nemelex Xobeh's fifth power
 17089 | D:8      | Noticed an orc knight
 17108 | D:8      | Killed an orc knight
 17261 | D:8      | Noticed an orc knight
 17904 | D:11     | You fall through a shaft!
 17904 | D:13     | Found a bloodstained altar of Trog.
 17904 | D:13     | Found Kliemenn's Assorted Antiques.
 17958 | D:13     | Bought a slimy yellow potion for 18 gold pieces
 17958 | D:13     | Bought a lumpy green potion for 18 gold pieces
 17958 | D:13     | Bought a pitted sling for 136 gold pieces
 17959 | D:13     | Identified the cursed sling of the Skies Above {venom, rC+ SInv} (You bought it in a shop on level 13 of the Dungeon)
 18005 | D:12     | Found a white marble altar of Elyvilon.
 18164 | D:13     | Noticed a seven-headed hydra
 18468 | D:12     | Reached skill level 5 in Dodging
 18468 | D:12     | Reached skill level 1 in Shields
 18770 | D:10     | Learned a level 1 spell: Corona
 19303 | D:9      | Reached skill level 5 in Throwing
 19740 | D:11     | Noticed a hill giant
 19770 | D:11     | Killed a hill giant
 19823 | D:11     | Received a gift from Nemelex Xobeh
 19914 | D:10     | Learned a level 4 spell: Leda's Liquefaction
 20523 | D:11     | Found Yliarifom's Distillery.
 20529 | D:11     | Bought 2 potions of invisibility for 187 gold pieces
 20529 | D:11     | Bought a potion of levitation for 51 gold pieces
 20726 | D:11     | Found a staircase to the Orcish Mines.
 20796 | D:11     | Found a blossoming altar of Fedhas.
 21073 | D:10     | Received a gift from Nemelex Xobeh
 21219 | Lair:1   | Gained mutation: You are robust (+10% HP). [helix card]
 21225 | Lair:1   | Reached skill level 5 in Evocations
 21566 | D:11     | Found a roughly hewn altar of Beogh.
 21760 | D:11     | Noticed a hill giant
 21784 | D:11     | Killed a hill giant
 21882 | D:10     | Learned a level 3 spell: Confuse
 22046 | D:12     | Reached skill level 1 in Hexes
 22155 | D:12     | Noticed a hill giant
 22589 | Lair:2   | Noticed a six-headed hydra
 22826 | Lair:2   | Learned a level 2 spell: Blink
 22840 | Lair:2   | Learned a level 2 spell: Sure Blade
 22851 | Lair:3   | Noticed an eight-headed hydra
 23133 | Lair:3   | Found a staircase to the Snake Pit.
 23511 | Lair:3   | Learned a level 1 spell: Apportation
 23522 | Lair:3   | Reached skill level 1 in Translocations
 23578 | Lair:2   | Reached XP level 12. HP: 74/82 MP: 15/29
 24298 | D:10     | Learned a level 2 spell: Shroud of Golubria
 24458 | D:8      | Noticed Eustachio
 24509 | D:8      | Killed Eustachio
 24650 | D:8      | Noticed an orc sorcerer
 24701 | D:8      | Killed an orc knight
 24937 | D:8      | Received a gift from Nemelex Xobeh
 25506 | D:8      | Killed Joseph
 25950 | Lair:1   | Reached skill level 1 in Armour
 26454 | Lair:4   | Got a jewelled spear
 26455 | Lair:4   | Identified the cursed spear of Theoxi {pierce, SInv} (You found it on level 4 of the Lair of Beasts)
 26655 | Lair:4   | Received a gift from Nemelex Xobeh
 27495 | Lair:3   | Killed an eight-headed hydra
 28744 | Lair:4   | Received a gift from Nemelex Xobeh
 28829 | Lair:4   | You fall through a shaft!
 29139 | Lair:6   | Found a staircase to the Slime Pits.
 29296 | Lair:5   | Noticed Harold
 29302 | Lair:5   | Killed Harold
 29608 | D:10     | Reached skill level 14 in Fighting
 29608 | D:10     | Reached XP level 13. HP: 88/101 MP: 31/31
 29646 | D:12     | Reached skill level 10 in Spellcasting
 29795 | D:12     | Killed a hill giant
 29960 | D:13     | Killed a seven-headed hydra
 30553 | D:13     | Received a gift from Nemelex Xobeh
 30748 | D:13     | Noticed Erica
 30846 | D:14     | Entered Level 14 of the Dungeon
 31205 | D:13     | Noticed a four-headed hydra
 32010 | Lair:5   | Reached skill level 10 in Dodging
 32503 | Lair:4   | Received a gift from Nemelex Xobeh
 32529 | Lair:4   | Noticed a five-headed hydra
 32554 | Lair:4   | Killed a five-headed hydra
 32851 | Lair:6   | Reached XP level 14. HP: 102/108 MP: 32/32
 32938 | Lair:6   | Reached skill level 5 in Armour
 33007 | Lair:6   | Noticed a four-headed hydra
 33016 | Lair:6   | Received a gift from Nemelex Xobeh
 33024 | Lair:6   | Killed a four-headed hydra
 33074 | Lair:6   | Found a bloodstained altar of Trog.
 33928 | Lair:6   | Found a staircase to the Shoals.
 34302 | Lair:7   | Received a gift from Nemelex Xobeh
 34555 | Lair:8   | Entered Level 8 of the Lair of Beasts
 35231 | D:10     | Learned a level 4 spell: Passage of Golubria
 35277 | Orc:1    | Entered Level 1 of the Orcish Mines
 35277 | Orc:1    | Noticed Duvessa
 35277 | Orc:1    | Noticed Dowan
 35278 | Orc:1    | Killed Dowan
 35738 | Orc:1    | Received a gift from Nemelex Xobeh
 36046 | Orc:1    | Found a roughly hewn altar of Beogh.
 36415 | Orc:2    | Received a gift from Nemelex Xobeh
 36669 | Orc:3    | Found a roughly hewn altar of Beogh.
 36781 | Orc:3    | Found a flagged portal.
 36796 | Bailey   | Entered a bailey
 36824 | Bailey   | Received a gift from Nemelex Xobeh
 36983 | Bailey   | Received a gift from Nemelex Xobeh
 37187 | Bailey   | Received a gift from Nemelex Xobeh
 37515 | Orc:4    | Entered Level 4 of the Orcish Mines
 37699 | Orc:4    | Received a gift from Nemelex Xobeh
 38826 | Orc:4    | Found Geacsef's Distillery.
 38826 | Orc:4    | Found Aretruweope's Magical Wand Shoppe.
 38826 | Orc:4    | Noticed Psyche
 38830 | Orc:4    | Received a gift from Nemelex Xobeh
 38841 | Orc:4    | Killed Psyche
 38904 | Orc:4    | Reached skill level 1 in Charms
 38959 | Orc:4    | Bought a potion of resistance for 112 gold pieces
 38988 | Orc:4    | Aretruweope's Magical Wand Shoppe was a mimic.
 39052 | Orc:4    | Found a roughly hewn altar of Beogh.
 39258 | Orc:4    | Found Vuoffy's Magical Wand Shop.
 39258 | Orc:4    | Found Schobb's Book Shoppe.
 39307 | Orc:4    | Reached skill level 5 in Traps & Doors
 39347 | Orc:4    | Noticed Fannar
 39477 | Orc:4    | Received a gift from Nemelex Xobeh
 39576 | Orc:4    | Received a gift from Nemelex Xobeh
 39792 | D:11     | Killed Duvessa
 39915 | D:13     | Bought a paperback book for 315 gold pieces
 40175 | D:13     | Killed a six-headed hydra
 40416 | D:14     | Received a gift from Nemelex Xobeh
 40653 | D:15     | Entered Level 15 of the Dungeon
 40952 | D:15     | Found a white marble altar of Elyvilon.
 40953 | D:15     | Found a glowing golden altar of the Shining One.
 40956 | D:15     | Found a glowing silver altar of Zin.
 41095 | D:14     | Reached skill level 5 in Translocations
 41885 | D:14     | Received a gift from Nemelex Xobeh
 42395 | D:10     | Gained mutation: You are agile (Dex +1). [potion of gain dexterity]
 42396 | D:10     | Gained mutation: You are agile (Dex +2). [potion of gain dexterity]
 42400 | D:10     | Paralysed by a potion of paralysis for 3 turns
 42628 | Lair:8   | Identified a scroll of acquirement
 43522 | Lair:8   | Received a gift from Nemelex Xobeh
 43845 | Snake:1  | Entered Level 1 of the Snake Pit
 44040 | D:10     | Learned a level 3 spell: Teleport Other
 44359 | Orc:4    | Killed Fannar
 44515 | Orc:4    | Received a gift from Nemelex Xobeh
 45462 | Orc:3    | Reached XP level 15. HP: 109/116 MP: 22/33
 45776 | Orc:4    | Received a gift from Nemelex Xobeh
 45933 | Orc:4    | Found a staircase to the Elven Halls.
 46061 | Orc:4    | Bought a wand of lightning (8) for 156 gold pieces
 46071 | Orc:4    | Bought a book of Enchantments for 700 gold pieces
 46967 | D:16     | Found a snail-covered altar of Cheibriados.
 46979 | D:16     | Found a labyrinth entrance.
 46998 | Lab      | Entered a labyrinth
 47824 | Lab      | Got a dazzling long sword
 47826 | Lab      | Identified the cursed long sword of Terror {distort, Int+3} (You found it in a labyrinth)
 47865 | Lab      | Received a gift from Nemelex Xobeh
 48224 | D:13     | Bought a scroll of enchant weapon II for 115 gold pieces
 49502 | D:16     | Reached XP level 14. HP: 66/110 MP: 20/33
 49535 | D:16     | Received a gift from Nemelex Xobeh
 49797 | D:16     | Received a gift from Nemelex Xobeh
 50039 | D:17     | Received a gift from Nemelex Xobeh
 50070 | D:16     | Received a gift from Nemelex Xobeh
 50629 | Snake:1  | Learned a level 4 spell: See Invisible
 50872 | Snake:1  | Noticed Josephine
 50884 | Snake:1  | Killed Josephine
 50921 | Snake:1  | Received a gift from Nemelex Xobeh
 50994 | Snake:1  | Reached skill level 5 in Charms
 51860 | Snake:3  | Found Ytui's Armour Boutique.
 51896 | Snake:3  | Bought the +1 helmet "Cuttith" {Int+2 Acc+4 Curse} for 483 gold pieces
 53129 | Snake:4  | Received a gift from Nemelex Xobeh
 54245 | Snake:2  | Found a shimmering altar of Xom.
 54677 | Shoals:1 | Entered Level 1 of the Shoals
 54779 | Shoals:1 | Noticed Sonja
 54823 | Shoals:1 | Received a gift from Nemelex Xobeh
 54828 | Shoals:1 | Killed Sonja
 55168 | Shoals:1 | Noticed Polyphemus
 55187 | Shoals:1 | Killed Polyphemus
 55187 | Shoals:1 | Reached XP level 15. HP: 106/116 MP: 23/34
 56372 | D:13     | Killed Erica
 57236 | Snake:4  | Received a gift from Nemelex Xobeh
 57328 | Snake:4  | Reached XP level 14. HP: 84/110 MP: 14/34
 57369 | Snake:5  | Entered Level 5 of the Snake Pit
 57501 | Snake:4  | Reached skill level 1 in Long Blades
 57776 | Snake:4  | Received a gift from Nemelex Xobeh
 57862 | Snake:4  | Reached XP level 15. HP: 116/116 MP: 32/34
 57968 | Snake:4  | Found Dutew's Antique Weapon Shop.
 58053 | Snake:5  | Noticed a greater naga
 58053 | Snake:5  | Noticed a greater naga
 58528 | Snake:1  | Found Nicassam's Jewellery Shop.
 58610 | Snake:1  | Reached skill level 5 in Long Blades
 58627 | Snake:1  | Bought a +3 ring of protection for 294 gold pieces
 58692 | Snake:1  | Received a gift from Nemelex Xobeh
 59044 | Snake:5  | Killed a greater naga
 59135 | Snake:5  | Received a gift from Nemelex Xobeh
 60083 | Snake:5  | Got a bloodstained sabre
 60087 | Snake:5  | Identified the cursed sabre "Grum" {freeze, rPois} (You found it on level 5 of the Snake Pit)
 60268 | Snake:5  | Received a gift from Nemelex Xobeh
 61728 | D:17     | Received a gift from Nemelex Xobeh
 61960 | D:17     | Noticed Nergalle
 62373 | D:17     | Killed Nergalle
 62496 | D:17     | XOM: miscast effect
 63280 | D:16     | Received a gift from Nemelex Xobeh
 63663 | Snake:5  | Received a gift from Nemelex Xobeh
 65069 | Snake:5  | Reached skill level 10 in Long Blades
 65226 | Snake:5  | Received a gift from Nemelex Xobeh
 65279 | Snake:5  | Received a gift from Nemelex Xobeh
 65574 | Snake:5  | Reached XP level 16. HP: 56/125 MP: 19/35
 66013 | Snake:5  | Noticed a greater naga
 66059 | Snake:5  | Killed a greater naga
 66305 | Snake:5  | Reached skill level 5 in Shields
 66419 | Snake:5  | Noticed a greater naga
 66422 | Snake:5  | Got a serpentine rune of Zot
 66603 | Snake:4  | Received a gift from Nemelex Xobeh
 66632 | Snake:4  | Bought a jewelled sabre for 234 gold pieces
 66633 | Snake:4  | Identified the sabre "Yvvy" {venom, Int+2} (You bought it in a shop on level 4 of the Snake Pit)
 66947 | Elf:1    | Entered Level 1 of the Elven Halls
 67122 | Orc:4    | Bought a wand of draining (7) for 143 gold pieces
 67122 | Orc:4    | Bought a wand of magic darts (8) for 39 gold pieces
 67825 | D:17     | Received a gift from Nemelex Xobeh
 69216 | D:19     | Noticed Roxanne
 69317 | D:18     | Received a gift from Nemelex Xobeh
 69515 | D:19     | Received a gift from Nemelex Xobeh
 69564 | D:19     | Noticed Agnes
 69572 | D:19     | Received a gift from Nemelex Xobeh
 70398 | Shoals:2 | Reached skill level 10 in Evocations
 70416 | Shoals:2 | Received a gift from Nemelex Xobeh
 70418 | Shoals:2 | Lost mutation: You are robust (+10% HP). [helix card]
 70418 | Shoals:2 | Gained mutation: You are partially covered in iridescent scales (AC +4). [helix card]
 70420 | Shoals:2 | Reached XP level 17. HP: 114/119 MP: 22/36
 70970 | Snake:5  | Noticed a greater naga
 70980 | Snake:5  | Killed a greater naga
 71152 | Snake:5  | Received a gift from Nemelex Xobeh
 72171 | Shoals:3 | Reached XP level 18. HP: 111/126 MP: 35/37
 72359 | Shoals:4 | Got a glistering book
 72360 | Shoals:4 | Identified the Compendium of Calling and Intoxication (You found it on level 4 of the Shoals)
 72364 | Shoals:4 | Learned a level 2 spell: Cure Poison
 72619 | Shoals:5 | Entered Level 5 of the Shoals
 72619 | Shoals:5 | Noticed Ilsuiw
 74094 | Shoals:4 | Received a gift from Nemelex Xobeh
 74613 | Shoals:4 | Found an iron altar of Okawaru.
 74615 | Shoals:4 | Noticed Rupert
 75344 | Shoals:5 | Received a gift from Nemelex Xobeh
 75431 | Shoals:5 | Received a gift from Nemelex Xobeh
 76459 | Shoals:5 | Received a gift from Nemelex Xobeh
 77116 | Shoals:5 | Noticed a kraken
 77203 | Shoals:5 | Received a gift from Nemelex Xobeh
 77260 | Shoals:5 | Your ally Shil died
 77586 | Shoals:5 | Received a gift from Nemelex Xobeh
 77776 | Shoals:5 | Got a barnacled rune of Zot
 78744 | D:19     | Reached XP level 19. HP: 128/133 MP: 30/38
 79240 | D:19     | Found Qedurph's Weapon Shop.
 79339 | D:19     | Reached skill level 15 in Dodging
 79342 | D:19     | Found a staircase to the Vaults.
 79459 | Vaults:1 | Entered Level 1 of the Vaults
 79706 | Vaults:1 | Received a gift from Nemelex Xobeh
 80533 | Vaults:1 | Found Tuticemia's Jewellery Shoppe.
 80548 | Vaults:1 | Bought an uncursed ring of protection from fire for 325 gold pieces
 80549 | Vaults:1 | Bought an uncursed ring of protection from magic for 325 gold pieces
 80559 | Vaults:1 | Noticed Nikola
 80717 | D:19     | Noticed an acid blob
 80740 | D:20     | Entered Level 20 of the Dungeon
 81153 | D:20     | Received a gift from Nemelex Xobeh
 81933 | D:19     | Reached XP level 18. HP: 118/126 MP: 38/38
 81946 | D:19     | Killed an acid blob
 81991 | D:19     | Killed Agnes
 82339 | Vaults:1 | Received a gift from Nemelex Xobeh
 82505 | Vaults:1 | Noticed a shadow dragon
 82816 | D:20     | Reached XP level 19. HP: 103/133 MP: 30/39
 83349 | D:20     | Received a gift from Nemelex Xobeh
 83488 | D:21     | Noticed a lich
 84012 | D:21     | Found Kugec's Magical Wand Shop.
 84013 | D:21     | Found a gateway to Hell.
 84015 | D:21     | Bought a wand of invisibility (3) for 84 gold pieces
 84032 | D:21     | Found a portal to a secret trove of treasure.
 84441 | D:11     | Bought a potion of curing for 34 gold pieces
 84441 | D:11     | Bought a potion of curing for 34 gold pieces
 84441 | D:11     | Bought a potion of magic for 119 gold pieces
 84441 | D:11     | Bought a potion of curing for 34 gold pieces
 84441 | D:11     | Bought a potion of curing for 34 gold pieces
 84441 | D:11     | Bought a potion of curing for 34 gold pieces
 84441 | D:11     | Bought a potion of curing for 34 gold pieces
 84793 | Trove    | Entered a treasure trove
 84829 | Trove    | Got a faintly glowing helmet
 84852 | Trove    | Got a faintly glowing cloak
 84856 | Trove    | Identified the +0 cloak of the Undertaker (You found it in a treasure trove)
 84883 | Trove    | Got a smelly scale mail
 84897 | Trove    | Received a gift from Nemelex Xobeh
 85072 | D:21     | Received a gift from Nemelex Xobeh
 85430 | D:10     | Identified the +4 helmet of Ynee (You found it in a treasure trove)
 85725 | D:21     | Identified the +5 scale mail "Nyofycw" (You found it in a treasure trove)
 86520 | D:22     | Noticed Saint Roka
 86749 | Vaults:1 | Killed Nikola
 87064 | Vaults:1 | Noticed a storm dragon
 87072 | Vaults:1 | a storm dragon changed into a four-headed hydra
 87599 | Elf:1    | Got a bloodstained scale mail
 87614 | Elf:1    | Identified the +1 scale mail "Fampot" (You found it on level 1 of the Elven Halls)
 88817 | D:21     | Found Xysievv Blach's Book Emporium.
 88917 | D:21     | Received a gift from Nemelex Xobeh
 88929 | D:21     | Found Wafattecw's Assorted Antiques.
 89168 | D:21     | Found a one-way gate leading to the halls of Pandemonium.
 89602 | Vaults:2 | Found a flickering gateway to a bazaar.
 89605 | Vaults:2 | Noticed Mara
 89608 | Vaults:2 | Noticed Mara
 89608 | Vaults:2 | Noticed Mara
 89638 | Vaults:2 | Noticed CodaKJazz's illusion
 89653 | Bazaar   | Entered a bazaar
 89655 | Bazaar   | Found Saqiget's Antique Weapon Boutique.
 89658 | Bazaar   | Found Niewed's Assorted Antiques.
 89659 | Bazaar   | Found Liumaomp's Antique Armour Boutique.
 89660 | Bazaar   | Found Jawymugu's Food Boutique.
 89692 | Bazaar   | Bought a meat ration for 24 gold pieces
 89692 | Bazaar   | Bought a meat ration for 24 gold pieces
 89692 | Bazaar   | Bought a choko for 2 gold pieces
 89692 | Bazaar   | Bought a bread ration for 24 gold pieces
 89692 | Bazaar   | Bought a bread ration for 24 gold pieces
 89692 | Bazaar   | Bought a meat ration for 24 gold pieces
 89692 | Bazaar   | Bought a meat ration for 24 gold pieces
 89692 | Bazaar   | Bought a bread ration for 24 gold pieces
 89692 | Bazaar   | Bought a choko for 2 gold pieces
 89692 | Bazaar   | Bought a bread ration for 24 gold pieces
 89692 | Bazaar   | Bought a bread ration for 24 gold pieces
 89692 | Bazaar   | Bought a meat ration for 24 gold pieces
 89692 | Bazaar   | Bought a bread ration for 24 gold pieces
 90178 | Vaults:2 | Reached skill level 1 in Poison Magic
 90201 | Vaults:2 | Received a gift from Nemelex Xobeh
 90518 | Vaults:2 | Noticed CodaKJazz's illusion
 90521 | Vaults:2 | Noticed Mara
 90521 | Vaults:2 | Noticed Mara
 90830 | D:21     | Received a gift from Nemelex Xobeh
 91451 | D:21     | Received a gift from Nemelex Xobeh
 91668 | D:23     | Received a gift from Nemelex Xobeh
 91671 | D:23     | Gained mutation: Your muscles are flexible, but weak (Str -1, Dex +1). [helix card]
 91746 | D:24     | Lost mutation: Your muscles are flexible, but weak (Str -1, Dex +1). [helix card]
 91746 | D:24     | Gained mutation: You have a fast metabolism. [helix card]
 91975 | D:23     | Received a gift from Nemelex Xobeh
 91977 | D:23     | Noticed a sphinx
 91999 | D:23     | Killed a sphinx
 92028 | D:23     | Found a glowing golden altar of the Shining One.
 92109 | D:23     | Reached XP level 20. HP: 72/141 MP: 40/40
 92548 | D:22     | Found a one-way gate to the infinite horrors of the Abyss.
 92840 | D:23     | Noticed a shadow dragon
 92864 | Bazaar   | Entered a bazaar
 92884 | Bazaar   | Found Baivim's Antique Weapon Emporium.
 92890 | Bazaar   | Found Qublu's Antique Armour Emporium.
 92904 | Bazaar   | Found Clexkaid's Magical Wand Boutique.
 92921 | Bazaar   | Found Waleraf's Distillery.
 92927 | Bazaar   | Found Jiahoep's General Store.
 92964 | Bazaar   | Bought a wand of hasting (3) for 378 gold pieces
 92986 | Bazaar   | Bought a potion of curing for 24 gold pieces
 93548 | D:22     | Received a gift from Nemelex Xobeh
 93600 | D:22     | Noticed Frederick
 93742 | D:22     | Killed Frederick
 93742 | D:22     | Reached skill level 15 in Fighting
 93852 | D:22     | Noticed Boris
 94017 | D:24     | Received a gift from Nemelex Xobeh
 94224 | D:24     | Noticed Margery
 94379 | D:23     | Received a gift from Nemelex Xobeh
 94742 | D:10     | Lost mutation: You are agile (Dex +2). [potion of cure mutation]
 94742 | D:10     | Lost mutation: You are agile (Dex +1). [potion of cure mutation]
 94742 | D:10     | Lost mutation: You have a fast metabolism. [potion of cure mutation]
 94790 | D:10     | Learned a level 2 spell: Freezing Aura
 94801 | D:10     | Learned a level 3 spell: Regeneration
 94804 | D:10     | Learned a level 2 spell: Repel Missiles
 94853 | D:10     | Received a gift from Nemelex Xobeh
 94865 | D:10     | Received a gift from Nemelex Xobeh
 95080 | D:10     | Received a gift from Nemelex Xobeh
 96008 | Elf:1    | Reached skill level 1 in Necromancy
 96320 | Elf:3    | Entered Level 3 of the Elven Halls
 97047 | Elf:2    | Received a gift from Nemelex Xobeh
 97345 | Elf:3    | Noticed a deep elf blademaster
 97396 | Elf:3    | Found a gateway to a bazaar.
 97402 | Bazaar   | Entered a bazaar
 97422 | Bazaar   | Found Ghoami's Jewellery Emporium.
 97452 | Bazaar   | Found Pnugharu's Assorted Antiques.
 97491 | Bazaar   | Found Rofaug's Food Shoppe.
 97502 | Bazaar   | Found Thier's Antique Weapon Emporium.
 97507 | Bazaar   | Bought a runed elven blowgun for 48 gold pieces
 97526 | Bazaar   | Found Caul's Weapon Shoppe.
 97568 | Bazaar   | Bought an uncursed ring of protection from cold for 220 gold pieces
 97682 | Elf:3    | Killed a deep elf blademaster
 97842 | Elf:3    | Received a gift from Nemelex Xobeh
 97939 | Elf:3    | Noticed a deep elf blademaster
 97962 | Elf:3    | Killed a deep elf blademaster
 98015 | Elf:3    | Reached skill level 10 in Charms
 98015 | Elf:3    | Reached XP level 21. HP: 115/147 MP: 29/40
 98167 | Elf:3    | Received a gift from Nemelex Xobeh
 98227 | Elf:3    | Got a faintly humming splint mail
 98245 | Elf:3    | Identified the +3 splint mail of Qesyl (You took it off a deep elf master archer on level 3 of the Elven Halls)
 98265 | Elf:3    | Received a gift from Nemelex Xobeh
 98334 | Elf:3    | Got an antique book
 98337 | Elf:3    | Identified the Reference Book on Transformation (You found it on level 3 of the Elven Halls)
 98393 | Elf:3    | Received a gift from Nemelex Xobeh
 98411 | Elf:3    | Received a gift from Nemelex Xobeh
 98469 | Elf:3    | Got a twitching silver amulet
 98490 | Elf:3    | Learned a level 2 spell: Stoneskin
 98526 | Elf:3    | Learned a level 5 spell: Phase Shift
 99084 | Elf:3    | Received a gift from Nemelex Xobeh
 99537 | Orc:4    | Bought a potion of curing for 32 gold pieces
 99537 | Orc:4    | Bought a potion of heal wounds for 48 gold pieces
 99537 | Orc:4    | Bought a potion of heal wounds for 48 gold pieces
 99537 | Orc:4    | Bought a potion of heal wounds for 48 gold pieces
 99911 | D:19     | Received a gift from Nemelex Xobeh
 99932 | D:19     | Killed Roxanne
100206 | Vaults:2 | Noticed Norris
100414 | Vaults:3 | Identified the amulet of the Devil {Str+4 Dex+3} (You took it off a deep elf sorcerer on level 3 of the Elven Halls)
100523 | Vaults:3 | Found a bloodstained altar of Trog.
100533 | Vaults:3 | Learned a level 2 spell: Swiftness
101101 | Vaults:5 | Noticed Xtahua
101403 | Vaults:5 | Received a gift from Nemelex Xobeh
101416 | Vaults:5 | Reached skill level 15 in Evocations
101416 | Vaults:5 | Reached XP level 22. HP: 155/155 MP: 37/41
101687 | Vaults:6 | Found a staircase to the Hall of Blades.
101697 | Blade    | Entered the Hall of Blades
102028 | Vaults:7 | Received a gift from Nemelex Xobeh
102447 | Vaults:7 | Received a gift from Nemelex Xobeh
102649 | Vaults:7 | Found Qanag's Armour Boutique.
102713 | Vaults:7 | Reached skill level 15 in Spellcasting
102926 | Vaults:7 | Received a gift from Nemelex Xobeh
103615 | Vaults:2 | Received a gift from Nemelex Xobeh
103652 | Vaults:2 | Found a staircase to the Crypt.
103653 | Vaults:2 | Received a gift from Nemelex Xobeh
103813 | D:22     | Received a gift from Nemelex Xobeh
103816 | D:22     | Killed Saint Roka
103928 | D:23     | Noticed a storm dragon
103943 | D:23     | Killed a storm dragon
104073 | D:23     | Reached skill level 10 in Earth Magic
104099 | D:23     | Learned a level 4 spell: Summon Scorpions
104167 | D:23     | Noticed a storm dragon
104196 | D:23     | Killed a storm dragon
104203 | D:23     | Reached skill level 16 in Spellcasting
104217 | D:23     | Received a gift from Nemelex Xobeh
104324 | D:23     | Killed a shadow dragon
104699 | D:25     | Entered Level 25 of the Dungeon
104720 | D:25     | Reached XP level 23. HP: 162/162 MP: 37/43
104748 | D:25     | Received a gift from Nemelex Xobeh
104848 | D:25     | Received a gift from Nemelex Xobeh
105312 | D:25     | Received a gift from Nemelex Xobeh
106048 | D:21     | Bought a scroll of amnesia for 269 gold pieces
106288 | Vaults:7 | Learned a level 5 spell: Bolt of Magma
106369 | Vaults:5 | Reached skill level 1 in Fire Magic
106382 | Vaults:5 | Reached skill level 1 in Conjurations
107067 | Vaults:4 | Found a staircase to the Crypt.
107331 | Vaults:4 | Received a gift from Nemelex Xobeh
107628 | Vaults:3 | Noticed Frances
107632 | Vaults:3 | Received a gift from Nemelex Xobeh
107646 | Vaults:3 | Killed Frances
108259 | Vaults:2 | Paralysed by Norris for 4 turns
108595 | Vaults:1 | Noticed CodaKJazz's illusion
108787 | Vaults:1 | Received a gift from Nemelex Xobeh
109212 | Vaults:1 | Killed a shadow dragon
109212 | Vaults:1 | Reached skill level 5 in Conjurations
109406 | Vaults:1 | Reached skill level 5 in Fire Magic
109524 | Vaults:1 | Noticed Mara
109526 | Vaults:1 | Noticed Mara
109527 | Vaults:1 | Received a gift from Nemelex Xobeh
109534 | Vaults:1 | Noticed Mara
109534 | Vaults:1 | Noticed Mara
109558 | Vaults:1 | Killed Mara
109561 | Vaults:1 | Noticed Mara
109562 | Vaults:1 | Noticed CodaKJazz's illusion
109786 | D:24     | Received a gift from Nemelex Xobeh
109799 | D:24     | Killed Margery
110160 | D:24     | Noticed a lich
110496 | D:27     | Entered Level 27 of the Dungeon
110507 | D:27     | Reached XP level 24. HP: 164/170 MP: 37/43
110778 | D:26     | Received a gift from Nemelex Xobeh
111747 | D:27     | Noticed Lightli's ghost (legendary DrSt)
111978 | D:26     | Received a gift from Nemelex Xobeh
112953 | D:24     | Noticed a storm dragon
112988 | D:24     | Killed a storm dragon
113579 | Vaults:2 | Killed Norris
113595 | Crypt:1  | Entered Level 1 of the Crypt
113955 | Vaults:8 | Entered Level 8 of the Vaults
114020 | Vaults:8 | Paralysed by a great orb of eyes for 7 turns
114036 | Vaults:8 | Reached skill level 10 in Translocations
114751 | Vaults:8 | Reached skill level 17 in Spellcasting
114819 | Vaults:8 | Reached XP level 25. HP: 177/177 MP: 38/44
114998 | Vaults:8 | Got a silver rune of Zot
115060 | Vaults:8 | Received a gift from Nemelex Xobeh
116320 | Vaults:8 | Got a crude bone ring
116675 | Vaults:8 | Identified the ring of Midwinter (You took it off a vault guard on level 8 of the Vaults)
116909 | Vaults:8 | Paralysed by a great orb of eyes for 3 turns
116954 | Vaults:8 | Received a gift from Nemelex Xobeh
116957 | Vaults:8 | Gained mutation: You are weak (Str -1). [a Zot trap]
116957 | Vaults:8 | Gained mutation: You are dopey (Int -1). [a Zot trap]
117272 | Vaults:8 | Got a crude silver ring
117553 | Vaults:8 | Reached skill level 10 in Fire Magic
117620 | Vaults:8 | Reached XP level 26. HP: 130/185 MP: 43/45
117697 | Vaults:8 | Reached skill level 10 in Shields
117759 | Vaults:8 | Noticed a golden dragon
117969 | Vaults:8 | Killed a golden dragon
119557 | Slime:1  | Entered Level 1 of the Pits of Slime
119609 | Slime:1  | Paralysed by a giant eyeball for 4 turns
120287 | Slime:6  | Entered Level 6 of the Pits of Slime
120351 | Slime:5  | Reached skill level 10 in Conjurations
120769 | Slime:6  | Found a viscous altar of Jiyva.
120810 | Slime:6  | Noticed the royal jelly
120842 | Slime:6  | Killed the royal jelly
121259 | Slime:5  | Received a gift from Nemelex Xobeh
121497 | Slime:6  | Got a pitted copper ring
121629 | Slime:6  | Got a slimy rune of Zot
121803 | Slime:2  | Reached XP level 27. HP: 187/187 MP: 45/45
123395 | D:26     | Received a gift from Nemelex Xobeh
123431 | D:26     | Identified the ring "Shiunofar" (You found it on level 6 of the Pits of Slime)
124050 | D:10     | Learned a level 3 spell: Conjure Flame
124055 | D:10     | Learned a level 4 spell: Leda's Liquefaction
124069 | D:10     | Received a gift from Nemelex Xobeh
124452 | Hell     | Entered the Vestibule of Hell
124452 | Hell     | Noticed Geryon
124883 | D:27     | Reached skill level 10 in Traps & Doors
125400 | D:27     | Noticed a golden dragon
125672 | D:27     | Received a gift from Nemelex Xobeh
125697 | D:27     | Killed a golden dragon
125747 | Zot:1    | Entered Level 1 of the Realm of Zot
126077 | Zot:2    | Received a gift from Nemelex Xobeh
126264 | Zot:1    | Found a glowing silver altar of Zin.
126313 | Zot:1    | Noticed a golden dragon
126334 | Zot:1    | Killed a golden dragon
126623 | Zot:1    | Cast into the Abyss (grey draconian shifter)
126669 | Abyss    | Gained mutation: You are dopey (Int -2). [a neqoxec]
126670 | Abyss    | Gained mutation: You digest meat inefficiently. [a neqoxec]
126677 | Abyss    | Gained mutation: You occasionally shout uncontrollably. [a neqoxec]
126760 | Abyss    | Got an abyssal rune of Zot
126979 | Zot:1    | Escaped the Abyss.
127722 | Zot:1    | Noticed a golden dragon
127748 | Zot:1    | Killed a golden dragon
127828 | Zot:1    | Reached skill level 15 in Long Blades
127853 | Zot:1    | Received a gift from Nemelex Xobeh
129325 | D:13     | Bought a potion of curing for 42 gold pieces
129325 | D:13     | Bought a scroll of immolation for 21 gold pieces
129325 | D:13     | Bought a potion of curing for 42 gold pieces
129326 | D:13     | Bought a scroll of fog for 42 gold pieces
129326 | D:13     | Bought a potion of restore abilities for 63 gold pieces
129326 | D:13     | Bought a scroll of remove curse for 63 gold pieces
129503 | Orc:4    | Bought a potion of curing for 32 gold pieces
129503 | Orc:4    | Bought a potion of curing for 32 gold pieces
129503 | Orc:4    | Bought a potion of curing for 32 gold pieces
129886 | D:27     | Received a gift from Nemelex Xobeh
130230 | Zot:2    | Reached skill level 18 in Spellcasting
130484 | Zot:2    | Identified the ring of the Trilobite {Dex+1} (You found it on level 8 of the Vaults)
130946 | Zot:2    | Received a gift from Nemelex Xobeh
131528 | Zot:4    | Noticed a golden dragon
131558 | Zot:4    | Killed a golden dragon
131629 | Zot:3    | Noticed a golden dragon
131678 | Zot:3    | Killed a golden dragon
132758 | Zot:5    | Entered Level 5 of the Realm of Zot
132758 | Zot:5    | Noticed a golden dragon
132783 | Zot:5    | Killed a golden dragon
132910 | Zot:4    | Reached skill level 19 in Spellcasting
133872 | D:27     | Received a gift from Nemelex Xobeh
134521 | Vaults:8 | Received a gift from Nemelex Xobeh
134586 | Vaults:8 | Received a gift from Nemelex Xobeh
134791 | Vaults:8 | Received a gift from Nemelex Xobeh
134826 | Vaults:8 | Received a gift from Nemelex Xobeh
135012 | Vaults:8 | Received a gift from Nemelex Xobeh
136270 | Vaults:7 | Bought the +6 shield of the gong {Spirit, rElec rN+ MR} for 2258 gold pieces
136622 | Vaults:2 | Received a gift from Nemelex Xobeh
136973 | Vaults:5 | Killed Xtahua
137375 | Vaults:2 | Received a gift from Nemelex Xobeh
138725 | Zot:4    | Received a gift from Nemelex Xobeh
138756 | Zot:4    | Noticed a golden dragon
138789 | Zot:4    | Killed a golden dragon
138941 | Zot:4    | Received a gift from Nemelex Xobeh
139071 | Zot:4    | Reached skill level 5 in Stabbing
140086 | D:21     | Bought 2 scrolls of teleportation for 294 gold pieces
141642 | Crypt:2  | Noticed Khufu
141681 | Crypt:1  | Reached skill level 5 in Stealth
141683 | Crypt:1  | Received a gift from Nemelex Xobeh
142836 | Zot:5    | Noticed an ancient lich
143024 | Zot:5    | Killed an ancient lich
143030 | Zot:5    | Noticed an ancient lich
143080 | Zot:4    | Killed an ancient lich
143440 | Zot:5    | Noticed an orb of fire
143919 | Zot:5    | Noticed a Killer Klown
143936 | Zot:5    | Gained mutation: You have a fast metabolism. [an orb of fire]
143940 | Zot:5    | Gained mutation: Your vision is a little blurry. [an orb of fire]
143950 | Zot:5    | Killed an orb of fire
143956 | Zot:5    | Killed a Killer Klown
144019 | Zot:5    | Reached skill level 15 in Shields
144052 | Zot:5    | Noticed an orb of fire
144095 | Zot:5    | Gained mutation: Your muscles are strong, but stiff (Str +1, Dex -1). [an orb of fire]
144102 | Zot:5    | Noticed an orb of fire
144103 | Zot:5    | Killed an orb of fire
144106 | Zot:5    | Gained mutation: You sometimes yell uncontrollably. [an orb of fire]
144119 | Zot:5    | Gained mutation: You frequently scream uncontrollably. [an orb of fire]
144121 | Zot:5    | Killed an orb of fire
144150 | Zot:5    | Got the Orb of Zot
144986 | D:$      | Escaped with the Orb!
